[Event "Titled Tuesday Blitz May 9 Late 2023"]
[White "ritanovikova"]
[Black "Hoffmann, Asa"]
[BlackFideId "2001470"]
[WhiteElo "2193"]
[BlackElo "2117"]
[Result "0-1"]
[Round "05"]
[TimeControl "180+2"]
[Date "2023.05.09"]
[WhiteClock "0:00:42"]
[BlackClock "0:00:53"]

1. e4 d6 2. d4 Nf6 3. Nc3 c6 4. Nf3 Bg4 5. h3 Bh5 6. Be2 e6 7. Be3 d5 8. exd5 cxd5 9. Qd2 Nc6 10. a3 a6 11. O-O Bd6 12. Rfe1 O-O 13. Bf4 Rc8 14. Bxd6 Qxd6 15. Ne5 Nxe5 16. dxe5 Qxe5 17. Bxa6 Qc7 18. Bd3 Bg6 19. Bxg6 hxg6 20. Rac1 Rfd8 21. Nb5 Qc5 22. Nd4 Re8 23. c3 Ne4 24. Qd3 e5 25. Nf3 b5 26. Rcd1 Nxf2 27. Qxd5 Nxd1+ 28. Qxc5 Rxc5 29. Rxd1 e4 30. Nd4 e3 31. Kf1 f5 32. Ke2 f4 33. Nf3 Re7 34. Rd4 g5 35. a4 bxa4 36. Rxa4 Rd5 37. Ra8+ Kh7 38. Rb8 Red7 39. Rb6 Rd2+ 40. Nxd2 Rxd2+ 41. Kf3 Rf2+ 42. Kg4 Rxg2+ 43. Kh5 e2 44. Re6 f3 45. b4 f2 46. b5 f1=Q 47. Re3 e1=Q 0-1


[Site "https://www.chess.com"]

[Event "Titled Tuesday Blitz May 9 Late 2023"]
[White "Bashkansky, Ethan"]
[Black "Phillips, Rene"]
[WhiteFideId "2071533"]
[BlackFideId "2056275"]
[WhiteElo "2351"]
[BlackElo "2188"]
[Result "1-0"]
[Round "05"]
[TimeControl "180+2"]
[Date "2023.05.09"]
[WhiteClock "0:00:14"]
[BlackClock "0:00:00"]

1. d4 Nc6 2. Nf3 d5 3. Bf4 Bg4 4. e3 a6 5. h3 Bxf3 6. Qxf3 Nf6 7. c4 e6 8. Nc3 Bd6 9. Bd3 dxc4 10. Bxc4 O-O 11. O-O Bxf4 12. Qxf4 Qd6 13. Qxd6 cxd6 14. Bb3 Na5 15. Bc2 d5 16. Rac1 Rac8 17. Bd3 Nc4 18. Rc2 Rc7 19. Rfc1 Rfc8 20. Na4 Ne8 21. Kf1 Kf8 22. Ke2 Ke7 23. h4 Kd8 24. g3 g6 25. a3 b5 26. Nc5 a5 27. Rb1 Ned6 28. h5 a4 29. h6 Na5 30. g4 Nb3 31. g5 Nxc5 32. dxc5 Rxc5 33. Rbc1 Rxc2+ 34. Rxc2 Nc4 35. f4 Nd6 36. Kd2 Rxc2+ 37. Kxc2 Nc4 38. e4 Ne3+ 39. Kc3 Nc4 40. exd5 exd5 41. Bxc4 bxc4 42. Kd4 Kd7 43. Kxd5 c3 44. bxc3 Ke7 45. Kc6 f6 46. gxf6+ Kxf6 47. c4 Kf5 48. c5 Kxf4 49. Kb5 g5 50. c6 g4 51. c7 g3 52. c8=Q g2 53. Qc1+ Kf3 54. Qg1 Kg3 55. Kxa4 Kh3 56. Kb4 Kg3 57. a4 Kf4 58. a5 Kg5 59. a6 Kxh6 60. a7 Kg7 61. a8=Q 1-0


[Site "https://www.chess.com"]

[Event "Titled Tuesday Blitz May 9 Late 2023"]
[White "Shapiro, Daniel"]
[Black "Almedina Ortiz, Edgardo J."]
[WhiteFideId "2001780"]
[BlackFideId "3100197"]
[WhiteElo "2347"]
[BlackElo "2217"]
[Result "1-0"]
[Round "05"]
[TimeControl "180+2"]
[Date "2023.05.09"]
[WhiteClock "0:00:23"]
[BlackClock "0:00:00"]

1. d4 d5 2. c4 e6 3. Nf3 Nf6 4. g3 h6 5. Bg2 Bd6 6. O-O O-O 7. Nc3 Nc6 8. b3 Re8 9. Nb5 Bf8 10. cxd5 exd5 11. Bf4 Re7 12. Rc1 a6 13. Nc3 Bf5 14. Na4 Ne4 15. Ne1 Re8 16. f3 Nf6 17. Nc5 b6 18. Na4 Qd7 19. g4 Bg6 20. e3 Ba3 21. Ra1 Nb4 22. Rf2 Rac8 23. Bh3 Re7 24. Kg2 Rce8 25. g5 Bf5 26. Bxf5 Qxf5 27. gxf6 Qxf6 28. Kh1 Nc6 29. Nd3 Bd6 30. Rc1 Bxf4 31. Nxf4 Qh4 32. Rg2 Rxe3 33. Nd3 1-0


[Site "https://www.chess.com"]

[Event "Titled Tuesday Blitz May 9 Late 2023"]
[White "Butti, Enrique"]
[Black "Chabris, Christopher"]
[WhiteFideId "3700470"]
[BlackFideId "2005263"]
[WhiteElo "2080"]
[BlackElo "2347"]
[Result "1-0"]
[Round "05"]
[TimeControl "180+2"]
[Date "2023.05.09"]
[WhiteClock "0:00:13"]
[BlackClock "0:00:00"]

1. d4 Nf6 2. Nf3 e6 3. e3 c5 4. Bd3 d5 5. b3 Nc6 6. O-O Be7 7. a3 O-O 8. Bb2 a6 9. c4 dxc4 10. bxc4 b6 11. Nbd2 Bb7 12. Qe2 h6 13. Rfd1 Qc7 14. Ne5 Rad8 15. Ndf3 Bd6 16. Bc2 Nd7 17. Nxd7 Qxd7 18. d5 exd5 19. cxd5 Na5 20. e4 Bb8 21. Ne5 Bxe5 22. Bxe5 Qe7 23. Bc3 Bxd5 24. Qg4 f5 25. exf5 Qf7 26. f6 g5 27. h4 Be6 28. Bf5 Bxf5 29. Qxf5 Qh7 30. Qe6+ Qf7 31. Qe4 Nb3 32. hxg5 hxg5 33. Qf5 Nxa1 34. Qxg5+ Kh8 35. Qh6+ Kg8 36. Rxa1 Rd5 37. Re1 Rh5 38. Qf4 Qg6 39. Re7 Rf7 40. Re8+ Kh7 41. Qg3 Qb1+ 42. Be1 Qg6 43. Qb8 1-0


[Site "https://www.chess.com"]

[Event "Titled Tuesday Blitz May 9 Late 2023"]
[White "Al-Saffar, Araz Basim Mohammed S"]
[Black "KSho99"]
[WhiteFideId "4801040"]
[WhiteElo "2304"]
[BlackElo "2146"]
[Result "1-0"]
[Round "05"]
[TimeControl "180+2"]
[Date "2023.05.09"]
[WhiteClock "0:01:14"]
[BlackClock "0:00:00"]

1. e4 c6 2. d4 d5 3. exd5 cxd5 4. Nf3 Nf6 5. Ne5 a6 6. Bd3 Nc6 7. Nxc6 bxc6 8. O-O Bg4 9. f3 Bh5 10. b4 e6 11. a3 Bg6 12. c3 Bd6 13. Bxg6 hxg6 14. g3 Qc7 15. Kg2 Kd7 16. Nd2 Rxh2+ 17. Kxh2 Bxg3+ 18. Kg2 Nh5 19. Rh1 Bh4 20. Nf1 Bf6 21. Qe1 1-0


[Site "https://www.chess.com"]

[Event "Titled Tuesday Blitz May 9 Late 2023"]
[White "Stachanczyk, Jacek"]
[Black "Joubert, Dantelle"]
[WhiteFideId "1116657"]
[BlackFideId "14310813"]
[WhiteElo "2084"]
[BlackElo "1507"]
[Result "0-1"]
[Round "05"]
[TimeControl "180+2"]
[Date "2023.05.09"]
[WhiteClock "0:00:17"]
[BlackClock "0:01:14"]

1. e4 d5 2. exd5 Qxd5 3. Nc3 Qd6 4. d4 Nf6 5. g3 c6 6. Bf4 Qb4 7. Qd2 e6 8. O-O-O Nd5 9. Nxd5 Qxd2+ 10. Rxd2 cxd5 11. Nf3 Nc6 12. Ne5 Bd7 13. Nxd7 Kxd7 14. a3 Bd6 15. Be3 Rac8 16. f4 Na5 17. Bf2 Nc4 18. Rd1 Rc6 19. Rd3 Rhc8 20. Rc3 b5 21. Be2 a5 22. Bd1 b4 23. axb4 axb4 24. Rb3 Ra6 25. c3 Na5 26. Kc2 Nxb3 27. Kxb3 bxc3 28. bxc3 Rb8+ 0-1


[Site "https://www.chess.com"]

[Event "Titled Tuesday Blitz May 9 Late 2023"]
[White "Dmitriev, Sergey"]
[Black "Dragomirescu, Calin"]
[WhiteFideId "14101785"]
[BlackFideId "1200895"]
[WhiteElo "2132"]
[BlackElo "2010"]
[Result "0-1"]
[Round "05"]
[TimeControl "180+2"]
[Date "2023.05.09"]
[WhiteClock "0:00:58"]
[BlackClock "0:01:24"]

1. d4 g6 2. Bf4 Bg7 3. Nf3 d6 4. e3 a6 5. Nbd2 b5 6. c3 Bb7 7. Be2 Nd7 8. O-O c5 9. Re1 Ngf6 10. a4 b4 11. cxb4 cxb4 12. b3 O-O 13. Rc1 Ne4 14. Nxe4 Bxe4 15. Bd3 Bxd3 16. Qxd3 Re8 17. Rc2 e5 18. dxe5 dxe5 19. Rd1 exf4 20. Qxd7 fxe3 21. fxe3 Qb6 22. Rc7 Qxe3+ 23. Kh1 Qxb3 24. h3 Qe6 25. Ng5 Qxd7 26. Rdxd7 Re1+ 27. Kh2 Be5+ 28. g3 Bxc7 29. Rxc7 Rb8 30. Nxf7 b3 31. Nh6+ Kf8 32. Rf7+ Ke8 33. Rxh7 Rb4 34. Rh8+ Kd7 35. Ng4 b2 36. Nf6+ Ke6 0-1


[Site "https://www.chess.com"]

[Event "Titled Tuesday Blitz May 9 Late 2023"]
[White "Silva Rosas, Natalia"]
[Black "Ingunza Curro, Andres"]
[WhiteFideId "3000575"]
[BlackFideId "24526371"]
[WhiteElo "1651"]
[BlackElo "2247"]
[Result "0-1"]
[Round "05"]
[TimeControl "180+2"]
[Date "2023.05.09"]
[WhiteClock "0:00:13"]
[BlackClock "0:00:24"]

1. e4 e5 2. d4 exd4 3. c3 d5 4. Qxd4 dxe4 5. Qxe4+ Be7 6. Bg5 h6 7. Bxe7 Qxe7 8. Qxe7+ Nxe7 9. Nf3 O-O 10. Bc4 Nbc6 11. O-O Ng6 12. Nbd2 Bf5 13. Nb3 Rad8 14. Nbd4 Nxd4 15. Nxd4 Bd7 16. a4 c5 17. Nf3 Bc6 18. Rfe1 Rfe8 19. Rxe8+ Rxe8 20. b4 Bxf3 21. gxf3 cxb4 22. cxb4 Rd8 23. Re1 Rd4 24. Re4 Rxe4 25. fxe4 Nf4 26. f3 Kf8 27. Kf2 Ke7 28. Ke3 g5 29. Bf1 Kd6 30. h4 f6 31. hxg5 fxg5 32. Kd4 Ne6+ 33. Ke3 h5 34. Be2 Ke5 35. Bc4 Nd4 36. Bf1 Nc2+ 37. Kf2 Nxb4 38. Kg3 Nc6 39. Bc4 b6 40. Bd5 Nd4 41. Kf2 Ne6 42. Kg3 Nf4 43. Bb7 Kd4 44. Kf2 h4 45. Bc8 Kc5 46. Bg4 Kb4 47. Bd7 a6 48. e5 Kc5 49. e6 Kd6 50. Bc8 a5 51. Ba6 Nxe6 52. Kg2 Nf4+ 53. Kh2 Kc5 54. Bb5 Kd4 55. Bd7 Ke3 56. Bg4 Kf2 57. Kh1 Kg3 58. Bh5 h3 59. Bg6 Nxg6 60. f4 Kf3 61. f5 Nf8 62. f6 g4 63. f7 Kf4 64. Kh2 Kf5 65. Kg3 Kf6 66. Kh2 Kxf7 67. Kh1 Ke6 68. Kh2 Kd5 69. Kh1 Kc4 70. Kh2 Kb4 71. Kg3 Kxa4 72. Kh4 h2 73. Kg5 h1=Q 74. Kf6 Qc6+ 75. Ke7 Qe6+ 76. Kd8 Qd7# 0-1


[Site "https://www.chess.com"]

[Event "Titled Tuesday Blitz May 9 Late 2023"]
[White "Panico, Nick"]
[Black "Sarkar, Justin"]
[WhiteFideId "2026724"]
[BlackFideId "2010011"]
[WhiteElo "1982"]
[BlackElo "2168"]
[Result "0-1"]
[Round "05"]
[TimeControl "180+2"]
[Date "2023.05.09"]
[WhiteClock "0:00:00"]
[BlackClock "0:00:05"]

1. d4 Nf6 2. Nc3 d5 3. e4 Nxe4 4. Nxe4 dxe4 5. Bc4 Nc6 6. c3 e5 7. d5 Ne7 8. f3 Ng6 9. Qe2 exf3 10. Nxf3 Bc5 11. Bd2 O-O 12. O-O-O Re8 13. Rde1 h6 14. Rhf1 e4 15. Nd4 Bxd4 16. cxd4 Qd6 17. Qf2 f5 18. a3 Kh7 19. Bb4 Qf6 20. g3 Bd7 21. h4 a5 22. Bc3 b5 23. Be2 b4 24. Bd2 bxa3 25. Qe3 axb2+ 26. Kb1 a4 27. h5 Ne7 28. g4 Nxd5 29. Qg3 a3 30. Bc4 a2+ 31. Bxa2 Qa6 32. Qb3 Be6 33. g5 Nc3+ 34. Bxc3 Bxb3 35. Bxb3 Qa1+ 36. Kc2 b1=Q+ 37. Rxb1 Qa3 38. Bb2 Qb4 39. g6+ Kh8 40. d5 e3 41. Bc3 Qe4+ 42. Kb2 e2 43. Rfe1 Reb8 44. d6 cxd6 45. Ra1 Rxb3+ 46. Kxb3 Rb8+ 0-1


[Site "https://www.chess.com"]

[Event "Titled Tuesday Blitz May 9 Late 2023"]
[White "awayceiling"]
[Black "Szente Varga, Fruzsina"]
[BlackFideId "712264"]
[WhiteElo "1314"]
[BlackElo "1994"]
[Result "0-1"]
[Round "05"]
[TimeControl "180+2"]
[Date "2023.05.09"]
[WhiteClock "0:01:46"]
[BlackClock "0:02:24"]

1. e4 Nf6 2. e5 Nd5 3. c4 Nb6 4. d4 d6 5. exd6 exd6 6. Nf3 Be7 7. Bd3 O-O 8. O-O Bf6 9. Be3 Bg4 10. Nc3 Nc6 11. d5 Ne5 12. h3 Nxf3+ 13. gxf3 Bxh3 14. Re1 Bg5 15. Kh2 Bxe3 16. fxe3 Qh4 0-1


[Site "https://www.chess.com"]

[Event "Titled Tuesday Blitz May 9 Late 2023"]
[White "Tarnowska, Aleksandra"]
[Black "Brueckner, Thomas"]
[WhiteFideId "1180967"]
[BlackFideId "4600452"]
[WhiteElo "1776"]
[BlackElo "2322"]
[Result "0-1"]
[Round "05"]
[TimeControl "180+2"]
[Date "2023.05.09"]
[WhiteClock "0:00:00"]
[BlackClock "0:00:30"]

1. e4 e5 2. Nf3 Nc6 3. Bb5 a6 4. Ba4 Nf6 5. O-O Be7 6. Re1 b5 7. Bb3 O-O 8. a4 Bb7 9. c3 d5 10. exd5 Nxd5 11. Bc2 Qd7 12. d4 exd4 13. Nxd4 Nxd4 14. Qxd4 c5 15. Qe4 f5 16. Qe6+ Qxe6 17. Rxe6 Rae8 18. axb5 axb5 19. Ra7 Bc8 20. Re1 Bf6 21. Bd2 Rxe1+ 22. Bxe1 Re8 23. Bd2 c4 24. Kf1 Be6 25. Rb7 b4 26. cxb4 Bxb2 27. b5 Bd4 28. Na3 c3 29. Bc1 Nb4 30. g3 Nxc2 31. Nxc2 Bc4+ 32. Kg2 Bd5+ 33. Kh3 Bxb7 34. Nxd4 Re1 35. Bf4 Be4 0-1


[Site "https://www.chess.com"]

[Event "Titled Tuesday Blitz May 9 Late 2023"]
[White "Hartikainen, Jarmo"]
[Black "Bibasa, Bob"]
[WhiteFideId "503134"]
[BlackFideId "10000240"]
[WhiteElo "2077"]
[BlackElo "2093"]
[Result "1-0"]
[Round "05"]
[TimeControl "180+2"]
[Date "2023.05.09"]
[WhiteClock "0:00:15"]
[BlackClock "0:01:52"]

1. e4 c5 2. c3 Nf6 3. e5 Nd5 4. d4 cxd4 5. Nf3 Nc6 6. cxd4 d6 7. Nc3 Nxc3 8. bxc3 dxe5 9. d5 e4 10. dxc6 exf3 11. Bb5 Qxd1+ 12. Kxd1 Kd8 13. Bf4 e5 14. Bxe5 fxg2 15. Re1 Bg4+ 16. Kc2 bxc6 17. Bxc6 Rc8 18. Bxg2 f6 19. Bd4 Bc5 20. Bxc5 Rxc5 21. Be4 Kc7 22. Rab1 Rb8 23. Rxb8 Kxb8 24. Rb1+ Kc7 25. Rb7+ Kd6 26. Rxg7 Rh5 27. Rxg4 f5 28. Bxf5 Rxf5 29. f4 Rf7 30. Rh4 Kd5 31. Kd3 Kc5 32. Rh5+ Kd6 33. Ke4 Kc6 34. f5 Re7+ 35. Kf4 Rf7 36. Ke5 Kd7 37. f6 Kc6 38. Rg5 Kd7 39. Rg7 Ke8 40. Rxf7 Kxf7 41. c4 1-0


[Site "https://www.chess.com"]

[Event "Titled Tuesday Blitz May 9 Late 2023"]
[White "KVAIDAN"]
[Black "Maluco_do_Natal_00"]
[WhiteElo "2272"]
[BlackElo "2033"]
[Result "1-0"]
[Round "05"]
[TimeControl "180+2"]
[Date "2023.05.09"]
[WhiteClock "0:00:45"]
[BlackClock "0:00:00"]

1. f4 d5 2. Nf3 g6 3. e3 Bg7 4. Be2 c5 5. O-O Nc6 6. d3 Nf6 7. Qe1 O-O 8. Qh4 e6 9. Ne5 Nxe5 10. fxe5 Nd7 11. Qxd8 Rxd8 12. d4 b6 13. Nc3 a6 14. a4 Rf8 15. a5 b5 16. Bd2 Bb7 17. h3 Rac8 18. g4 f6 19. exf6 Bxf6 20. dxc5 Nxc5 21. Nd1 Ne4 22. Bb4 Rfe8 23. Bd3 Bg5 24. Bxe4 dxe4 25. Bc3 Bd5 26. Kg2 Be7 27. Rf2 Rf8 28. Rc1 Rf3 29. Bd4 Bh4 30. Rf1 Rcf8 31. Nc3 Rxf1 32. Rxf1 Rf3 33. Nxd5 Rxf1 34. Kxf1 exd5 35. Ke2 Kf7 36. Kd2 Ke6 37. Kc3 Be7 38. Bg7 Bc5 39. Bd4 Bd6 40. b4 Be5 41. h4 h6 42. Kd2 h5 43. Bxe5 Kxe5 44. gxh5 d4 45. h6 Kf6 46. exd4 1-0


[Site "https://www.chess.com"]

[Event "Titled Tuesday Blitz May 9 Late 2023"]
[White "Curtis, John"]
[Black "Napoli, Nicolo"]
[WhiteFideId "3200256"]
[BlackFideId "813702"]
[WhiteElo "2203"]
[BlackElo "2308"]
[Result "1-0"]
[Round "05"]
[TimeControl "180+2"]
[Date "2023.05.09"]
[WhiteClock "0:01:32"]
[BlackClock "0:00:03"]

1. d4 d5 2. c4 c6 3. Nc3 Nf6 4. Nf3 Bf5 5. Qb3 Qb6 6. c5 Qxb3 7. axb3 Na6 8. Na2 Bc2 9. Bf4 Bxb3 10. e3 Bc4 11. Bxc4 dxc4 12. Ne5 Nd5 13. Nxc4 Nxf4 14. exf4 O-O-O 15. O-O-O g6 16. Ne5 Rg8 17. Nxf7 Rd7 18. Ne5 Rd8 19. Rd2 Bh6 20. g3 g5 21. fxg5 Bxg5 22. f4 Bf6 23. Re1 Nc7 24. Nc3 Nd5 25. Nxd5 Rxd5 26. Kc2 Rgd8 27. Kc3 Kc7 28. b4 b6 29. Kc4 bxc5 30. bxc5 Rb8 31. Ra1 Rb7 32. Rda2 Kb8 33. Nxc6+ Kc7 34. Ne5 Bxe5 35. Kxd5 Bf6 36. Rxa7 Kb8 37. Rxb7+ Kxb7 38. c6+ Kc7 39. Ra7+ Kc8 40. Rd7 e6+ 41. Kxe6 Bd8 42. d5 h5 43. d6 h4 44. g4 h3 45. Rxd8+ Kxd8 46. g5 Ke8 47. f5 Kd8 48. f6 Ke8 49. g6 Kd8 50. g7 Ke8 51. g8=Q# 1-0


[Site "https://www.chess.com"]

[Event "Titled Tuesday Blitz May 9 Late 2023"]
[White "Manon-og, Ramon Jr."]
[Black "Torres Dominguez, David"]
[WhiteFideId "5200776"]
[BlackFideId "2220857"]
[WhiteElo "2306"]
[BlackElo "1999"]
[Result "0-1"]
[Round "05"]
[TimeControl "180+2"]
[Date "2023.05.09"]
[WhiteClock "0:00:09"]
[BlackClock "0:01:32"]

1. e4 Nc6 2. Be2 e5 3. Nf3 Nf6 4. Bc4 Nxe4 5. d3 Nf6 6. Ng5 d5 7. Bb3 Bd6 8. O-O O-O 9. Be3 h6 10. Nf3 Bg4 11. h3 Bh5 12. Nbd2 d4 13. Bxh6 gxh6 14. Ne4 Nxe4 15. dxe4 Qf6 16. c3 Bxf3 17. Qxf3 Qxf3 18. gxf3 Kg7 19. Kh1 Kf6 20. Rg1 Rg8 21. Rxg8 Rxg8 22. Rg1 Rxg1+ 23. Kxg1 b5 24. Kg2 a5 25. Bd1 dxc3 26. Kg3 cxb2 27. Bc2 Nd4 28. Bb1 Ne2+ 29. Kg2 Nc3 30. Kf1 Nxb1 31. Ke1 Na3 32. Kf1 Bb4 33. Kg2 Bd2 34. Kg3 Bf4+ 35. Kg4 b1=Q 36. Kh5 Qg1 0-1


[Site "https://www.chess.com"]

[Event "Titled Tuesday Blitz May 9 Late 2023"]
[White "Kostiukov, Alexandr"]
[Black "dorpato"]
[WhiteFideId "14108100"]
[WhiteElo "2202"]
[BlackElo "2012"]
[Result "1-0"]
[Round "05"]
[TimeControl "180+2"]
[Date "2023.05.09"]
[WhiteClock "0:01:03"]
[BlackClock "0:00:00"]

1. g3 c5 2. Bg2 Nc6 3. c4 g6 4. Nf3 Bg7 5. O-O e6 6. Nc3 Nge7 7. d4 cxd4 8. Nb5 d5 9. cxd5 Nxd5 10. Nbxd4 Nxd4 11. Nxd4 O-O 12. e4 Nb6 13. Nb5 Bd7 14. Nc3 Bc6 15. Qe2 Rc8 16. Rd1 Qe7 17. Bf4 Qb4 18. Bd6 Qa5 19. Bxf8 Bxc3 20. Bd6 Bxb2 21. Qxb2 Nc4 22. Qf6 Nxd6 23. Rxd6 Qc7 24. Rad1 Re8 25. Rd8 Qb6 26. e5 Qb2 27. Bxc6 1-0


[Site "https://www.chess.com"]

[Event "Titled Tuesday Blitz May 9 Late 2023"]
[White "tandercat"]
[Black "Carrasco Miranda, Andres"]
[BlackFideId "3405990"]
[WhiteElo "2001"]
[BlackElo "2183"]
[Result "0-1"]
[Round "05"]
[TimeControl "180+2"]
[Date "2023.05.09"]
[WhiteClock "0:01:20"]
[BlackClock "0:02:04"]

1. d4 Nf6 2. c4 g6 3. Nc3 d5 4. cxd5 Nxd5 5. e4 Nxc3 6. bxc3 Bg7 7. Bc4 c5 8. Ne2 Nc6 9. Be3 O-O 10. O-O Bg4 11. f3 Na5 12. Bxf7+ Rxf7 13. fxg4 Rxf1+ 14. Kxf1 cxd4 15. cxd4 e5 16. d5 Nc4 17. Qd3 Nxe3+ 18. Qxe3 Qh4 19. h3 Bh6 20. Qg3 Qf6+ 21. Kg1 Rc8 22. Kh1 Rc2 23. Ng1 Bf4 24. Qd3 Rf2 25. Rc1 Bxc1 0-1


[Site "https://www.chess.com"]

[Event "Titled Tuesday Blitz May 9 Late 2023"]
[White "James, Stuart"]
[Black "Prohorov, Olexandr"]
[WhiteFideId "7400489"]
[BlackFideId "14105578"]
[WhiteElo "1950"]
[BlackElo "1966"]
[Result "0-1"]
[Round "05"]
[TimeControl "180+2"]
[Date "2023.05.09"]
[WhiteClock "0:00:31"]
[BlackClock "0:01:07"]

1. e4 c5 2. Nf3 e6 3. d4 cxd4 4. Nxd4 Qb6 5. Be2 Bc5 6. c3 e5 7. Be3 exd4 8. cxd4 Bb4+ 9. Nd2 Nf6 10. O-O O-O 11. e5 Nd5 12. Bd3 Bxd2 13. Qxd2 d6 14. Bh6 gxh6 15. Qxh6 f5 16. exf6 Nxf6 17. Rac1 Nc6 18. d5 Ne5 19. Bxh7+ Nxh7 20. Rc3 Rf7 21. Rg3+ Kh8 22. Rc1 Bf5 0-1


[Site "https://www.chess.com"]

[Event "Titled Tuesday Blitz May 9 Late 2023"]
[White "Dias, Joao Batista"]
[Black "Sahl, Bjarke"]
[WhiteFideId "2108240"]
[BlackFideId "1400231"]
[WhiteElo "1907"]
[BlackElo "2307"]
[Result "1-0"]
[Round "05"]
[TimeControl "180+2"]
[Date "2023.05.09"]
[WhiteClock "0:01:08"]
[BlackClock "0:00:16"]

1. e4 Nc6 2. d4 e5 3. d5 Nce7 4. Bd3 Ng6 5. Ne2 Bc5 6. O-O d6 7. c3 Nf6 8. b4 Bb6 9. Be3 Bxe3 10. fxe3 Ng4 11. Rf3 h5 12. h3 Nh4 13. Rg3 Qf6 14. Qf1 Qh6 15. hxg4 hxg4 16. Kf2 Bd7 17. Na3 a6 18. Ke1 Ke7 19. Kd2 Ng6 20. Qf2 f6 21. Nc2 Qh2 22. a4 b6 23. c4 a5 24. b5 Raf8 25. Rf1 Nh4 26. Na3 g5 27. Nb1 Ng6 28. Nbc3 Nf4 29. exf4 gxf4 30. Nxf4 exf4 31. Qxf4 Qh6 32. Ke3 Qxf4+ 33. Kxf4 Rh2 34. Rf2 Rh1 35. Bc2 Rfh8 36. Ne2 Ra1 37. Nd4 Rhh1 38. Nf5+ Bxf5 39. Kxf5 Rhf1 40. Rxf1 Rxf1+ 41. Kxg4 Rc1 42. Bb3 1-0


[Site "https://www.chess.com"]

[Event "Titled Tuesday Blitz May 9 Late 2023"]
[White "Kiseljova, Marya"]
[Black "Castillo Pena, Patricia Evarista"]
[WhiteFideId "4155009"]
[BlackFideId "6412106"]
[WhiteElo "1831"]
[BlackElo "1919"]
[Result "1-0"]
[Round "05"]
[TimeControl "180+2"]
[Date "2023.05.09"]
[WhiteClock "0:00:36"]
[BlackClock "0:00:00"]

1. d4 d5 2. c4 c6 3. Nf3 Nf6 4. g3 e6 5. Bg2 Nbd7 6. O-O Be7 7. Nc3 O-O 8. Qd3 b6 9. e4 dxe4 10. Nxe4 Bb7 11. Rd1 c5 12. Nxf6+ Nxf6 13. Be3 cxd4 14. Nxd4 Bxg2 15. Kxg2 Qc8 16. b3 Rd8 17. Qe2 Bc5 18. Nb5 Bxe3 19. Qxe3 Qc6+ 20. Qf3 Qxf3+ 21. Kxf3 a6 22. Nd4 Rac8 23. h4 Kf8 24. Ne2 Ke7 25. Nc3 h6 26. Na4 b5 27. Nb2 Nd7 28. Rac1 Ne5+ 29. Ke2 Rxd1 30. Kxd1 bxc4 31. Nxc4 Nxc4 32. bxc4 Rc5 33. Rc2 Kd6 34. Kd2 Ke5 35. Kd3 f5 36. f3 g5 37. hxg5 hxg5 38. Re2+ Kd6 39. Kd4 e5+ 40. Kc3 Ke6 41. Kb4 Rc8 42. c5 1-0


[Site "https://www.chess.com"]

[Event "Titled Tuesday Blitz May 9 Late 2023"]
[White "Oliveira, Tiago Batista"]
[Black "Vargas, Mauricio"]
[WhiteFideId "2108291"]
[BlackFideId "4404572"]
[WhiteElo "1962"]
[BlackElo "1986"]
[Result "1-0"]
[Round "05"]
[TimeControl "180+2"]
[Date "2023.05.09"]
[WhiteClock "0:00:16"]
[BlackClock "0:00:00"]

1. d4 d5 2. c4 c6 3. Nf3 e6 4. g3 Nf6 5. Bg2 Nbd7 6. Nbd2 Bd6 7. O-O O-O 8. Qc2 Re8 9. Rd1 e5 10. dxe5 Nxe5 11. cxd5 Nxd5 12. Nxe5 Bxe5 13. Nf3 Bf6 14. e4 Nb4 15. Rxd8 Rxd8 16. Qe2 Nd3 17. e5 Be7 18. Bg5 Bxg5 19. Nxg5 Be6 20. Be4 Bc4 21. Qh5 h6 22. Bxd3 Bxd3 23. Qxf7+ Kh8 24. Ne6 Rg8 25. Rd1 Bh7 26. Rd7 Rae8 27. Rxb7 Be4 28. Nxg7 Bd5 29. Qg6 1-0


[Site "https://www.chess.com"]

[Event "Titled Tuesday Blitz May 9 Late 2023"]
[White "Prado, Alexandra"]
[Black "Dargan, Paul A G"]
[WhiteFideId "3301346"]
[BlackFideId "416762"]
[WhiteElo "1759"]
[BlackElo "2042"]
[Result "0-1"]
[Round "05"]
[TimeControl "180+2"]
[Date "2023.05.09"]
[WhiteClock "0:00:00"]
[BlackClock "0:01:17"]

1. e4 c5 2. Nc3 Nc6 3. g3 g6 4. Bg2 Bg7 5. d3 d6 6. f4 e5 7. Nh3 Nge7 8. O-O O-O 9. f5 gxf5 10. exf5 Bxf5 11. Ng5 Bg6 12. Nge4 Nf5 13. Nd5 Nb4 14. Nxb4 cxb4 15. Bg5 Qb6+ 16. Kh1 Ne3 17. Bxe3 Qxe3 18. Nxd6 Rad8 19. Ne4 f5 20. Nd2 e4 21. Re1 Qd4 22. Qe2 exd3 23. cxd3 Qxb2 24. Nb3 Qxe2 25. Rxe2 Bxa1 26. Bxb7 Bg7 27. Ba6 Rfe8 0-1


[Site "https://www.chess.com"]

[Event "Titled Tuesday Blitz May 9 Late 2023"]
[White "Stead, Kerry"]
[Black "Sanchez, Robert"]
[WhiteFideId "3202577"]
[BlackFideId "2034360"]
[WhiteElo "1997"]
[BlackElo "1864"]
[Result "1-0"]
[Round "05"]
[TimeControl "180+2"]
[Date "2023.05.09"]
[WhiteClock "0:00:08"]
[BlackClock "0:01:17"]

1. d4 Nf6 2. Bg5 Ne4 3. Bf4 g5 4. Bc1 h6 5. f3 Nf6 6. e4 d6 7. Nc3 Bg7 8. Be3 Nbd7 9. Qd2 e5 10. d5 a6 11. a4 b6 12. Bd3 Nc5 13. Nge2 O-O 14. h4 Nh7 15. hxg5 Nxg5 16. O-O-O Bd7 17. b3 b5 18. a5 b4 19. Nb1 Nxd3+ 20. Qxd3 Bb5 21. Qd2 c5 22. dxc6 Qxa5 23. Ng3 Rac8 24. Nf5 Rxc6 25. Ne7+ 1-0


[Site "https://www.chess.com"]

[Event "Titled Tuesday Blitz May 9 Late 2023"]
[White "Carlsen, Magnus"]
[Black "Sargsyan, Shant"]
[WhiteFideId "1503014"]
[BlackFideId "13306766"]
[WhiteElo "2852"]
[BlackElo "2628"]
[Result "1-0"]
[Round "06"]
[TimeControl "180+2"]
[Date "2023.05.09"]
[WhiteClock "0:00:44"]
[BlackClock "0:00:04"]

1. e3 g6 2. d4 Nf6 3. c4 Bg7 4. Nf3 O-O 5. Be2 d6 6. Nc3 Nbd7 7. b4 e5 8. Bb2 Re8 9. a4 a5 10. b5 exd4 11. exd4 Nh5 12. O-O Nf4 13. Re1 Nxe2+ 14. Rxe2 Nb6 15. Rxe8+ Qxe8 16. Qb3 Be6 17. Re1 Qf8 18. d5 Bg4 19. Ne4 Bxf3 20. gxf3 Nd7 21. Bxg7 Qxg7 22. b6 Nxb6 23. c5 dxc5 24. d6 c4 25. Qb5 f5 26. Ng5 Qd7 27. Qxd7 Nxd7 28. Re7 c3 29. Rxd7 c6 30. Re7 Rd8 31. Re3 c2 32. Rc3 Rxd6 33. Rxc2 h6 34. Nh3 Rd4 35. Rb2 Rb4 36. Rxb4 axb4 37. Nf4 Kf7 38. Kf1 b3 39. Nd3 Ke7 40. Ke2 Kd6 41. Kd2 b5 42. a5 c5 43. a6 c4 44. a7 cxd3 45. a8=Q 1-0


[Site "https://www.chess.com"]

[Event "Titled Tuesday Blitz May 9 Late 2023"]
[White "Moussard, Jules"]
[Black "Sarana, Alexey"]
[WhiteFideId "642908"]
[BlackFideId "24133795"]
[WhiteElo "2610"]
[BlackElo "2714"]
[Result "0-1"]
[Round "06"]
[TimeControl "180+2"]
[Date "2023.05.09"]
[WhiteClock "0:00:54"]
[BlackClock "0:01:07"]

1. Nf3 d5 2. g3 g6 3. Bg2 Bg7 4. d4 c6 5. O-O Nf6 6. b3 O-O 7. Bb2 Nbd7 8. Nbd2 Ne4 9. c4 Ndf6 10. e3 Bg4 11. Qc2 Nxd2 12. Nxd2 Bf5 13. Qc1 Qd7 14. Re1 Bh3 15. Bh1 h5 16. e4 dxe4 17. Nxe4 Nxe4 18. Rxe4 Bf5 19. Re1 Rfe8 20. Qf4 Rad8 21. Rad1 e5 22. dxe5 Qxd1 23. Rxd1 Rxd1+ 24. Kg2 Red8 25. h4 R8d2 26. Bc3 Re2 27. Kh2 Rd3 28. Bd4 Kh7 29. Bf3 Re1 30. Be3 Rexe3 31. fxe3 Bh6 32. e6 Bxf4 0-1


[Site "https://www.chess.com"]